 Dungeon Crawl Stone Soup version 0.29-a0-266-gf56f883ddd (webtiles) character file.

Game seed: 12295682031213787888

35 Angani the Bolt Thrower (level 3, 30/30 HPs)
             Began as a Draconian Hunter on Mar 7, 2022.
             Was a Follower of Elyvilon.
             Quit the game on level 1 of the Dungeon.
             The game lasted 00:00:58 (945 turns).

Angani the Bolt Thrower (Draconian Hunter)           Turns: 945, Time: 00:00:59

Health: 30/30      AC:  5    Str: 14    XL:     3   Next: 16%
Magic:  3/3        EV: 12    Int: 11    God:    Elyvilon [*.....]
Gold:   7          SH:  0    Dex: 13    Spells: 2/2 levels left

rFire   . . .      SeeInvis .   a - +1 hand crossbow
rCold   . . .      Faith    .   (no shield)
rNeg    . . .      Spirit   .   (body armour unavailable)
rPois   .          Reflect  .   (helmet restricted)
rElec   .          Harm     .   (no cloak)
rCorr   .          Rampage  .   (no gloves)
Will    .....                   (no boots)
Stlth   ++........              (no amulet)
HPRegen 0.10/turn               (no ring)
MPRegen 0.08/turn               (no ring)

@: no status effects
A: AC +5, unfitting armour, cold-blooded
a: Renounce Religion, Purification


You were on level 1 of the Dungeon.
You worshipped Elyvilon.
Elyvilon was aware of your devotion.
You visited 1 branch of the dungeon, and saw 1 of its levels.

You collected 89 gold pieces.
You spent 82 gold pieces at shops.

Inventory:

Hand Weapons
 a - a +1 hand crossbow (weapon)
Jewellery
 e - a ring of flight
Scrolls
 b - a scroll of immolation
 d - 2 scrolls of enchant weapon
Potions
 c - a potion of lignification {unknown}


   Skills:
 + Level 2.7 Fighting
 + Level 3.9 Crossbows
 + Level 2.2 Dodging
 + Level 1.6 Stealth


You had 2 spell levels left.
You didn't know any spells.
Your spell library contained the following spells:

 Spells                   Type           Power      Damage    Failure   Level
 Magic Dart               Conj           0%         1d3       34%         1
 Call Imp                 Summ           0%         N/A       47%         2
 Mephitic Cloud           Conj/Pois/Air  0%         N/A       71%         3


Dungeon Overview and Level Annotations

Branches:
Dungeon (1/15)

Altars:
Elyvilon

Shops:
D:1 ?


Innate Abilities, Weirdness & Mutations

Your plain brown scales are hard. (AC +5)
You cannot fit into any form of body armour.
You are cold-blooded and may be slowed by cold attacks.


Message History

The kobold throws a stone.
The stone hits you but does no damage.
You shoot a bolt. The bolt barely misses the kobold.
The kobold throws a stone.
The stone hits you but does no damage.
You shoot a bolt. The bolt barely misses the kobold.
You shoot a bolt.
The bolt hits the kobold but does no damage.
The kobold throws a stone.
The stone hits you but does no damage.
You shoot a bolt. The bolt closely misses the kobold.
The kobold throws a stone.
The stone misses you.
You shoot a bolt. The bolt hits the kobold.
The kobold is moderately wounded.
The kobold throws a stone.
The stone closely misses you.
You shoot a bolt. The bolt closely misses the kobold.
The kobold throws a stone.
The stone hits you but does no damage.
You shoot a bolt. The bolt barely misses the kobold.
You shoot a bolt. The bolt closely misses the kobold.
The kobold closely misses you.
You shoot a bolt. The bolt closely misses the kobold.
The kobold barely misses you.
The kobold hits you with a +0 short sword.
You shoot a bolt. The bolt hits the kobold.
You kill the kobold!
No target in view!
No target in view!
Things that are here:
a +0 short sword; 5 stones
There is a dry fountain here.
There is a faded altar of an unknown god here.
You cannot tell which god this altar belongs to.
Convert to them anyway?
Elyvilon accepts your prayer! Elyvilon welcomes you!
You can now purify yourself.
You see here 22 stones.
You now have 7 gold pieces (gained 2).
Found a spear.
You see here a +0 spear.
e - a ring of flight Done exploring.
Done exploring.
Are you sure you want to abandon this character and quit the game? (Confirm with "yes".)

#.#
#.........#.#..#.
#.#
#8≈≈≈≈≈≈≈8#...###
#.# ###########...#
# #.#
##...........###
#.###...#####..##.##
# #.##)#.#.##
##.###.###
#......##.# #.#
##.#. ####.###.##
#.# ##.# ##@#.## #.#
### ##.## ####.# ###
#....# #.##########
#.# #..... #.#
#.#### #.# #.#
#.#####.# #.......#


There were no monsters in sight!

Vanquished Creatures
  3 endoplasms (D:1)
  3 giant cockroaches (D:1)
  2 goblins (D:1)
  3 hobgoblins (D:1)
  4 jackals (D:1)
  2 quokkas (D:1)
  3 ball pythons (D:1)
  3 bats (D:1)
  2 frilled lizards (D:1)
  4 kobolds (D:1)
  2 rats (D:1)
31 creatures vanquished.

Notes
Turn   | Place    | Note
-------+----------+-------------------------------------------
     0 | D:1      | Angani the Draconian Hunter began the quest for the Orb.
     0 | D:1      | Reached XP level 1. HP: 17/17 MP: 1/1
    32 | D:1      | Reached skill level 1 in Stealth
   228 | D:1      | Reached XP level 2. HP: 24/25 MP: 2/2
   544 | D:1      | Reached XP level 3. HP: 25/30 MP: 3/3
   605 | D:1      | Found Kosukk's Magic Scroll Emporium.
   613 | D:1      | Bought a scroll of enchant weapon for 82 gold pieces
   771 | D:1      | Found a faded altar of an unknown god.
   788 | D:1      | Prayed at the altar of an unknown god.
   788 | D:1      | Became a worshipper of Elyvilon the Healer
   788 | D:1      | Reached * piety under Elyvilon
   945 | D:1      | Quit the game

Illustrated notes

Levels and vault maps discovered:
D:1:      lightli_arrival_noodles, layout_loops_ring,
          hellmonk_ecumenical_altar_run_dry, serial_shops, shop,
          minmay_misc_feat_chi, minmay_tripent

Skill      XL: |  1 |
---------------+----+-----
Stealth        | 1 |  1.6
Dodging        | 2 |  2.2
Fighting       | |  2.7
Crossbows      | |  3.9

Action                   || total
-------------------------++-------
 Fire: Hand crossbow     ||    91
  Use: Scroll            ||     1
Armor: Skin              ||    32
Dodge: Dodged            ||    34

Table legend: (Time is in decaauts)
 A = Elapsed time spent in this place.
 B = Non-inter-level travel time spent in this place.
 C = Inter-level travel time spent in this place.
 D = Time resting spent in this place.
 E = Time spent auto-exploring this place.
 F = Levels seen in this place.
 G = Mean time per level.
                   A        B        C        D        E       F      G
               +--------+--------+--------+--------+--------+-----+--------+
         Total |    974 |    974 |      0 |      0 |    806 |   1 |  974.0 |
       Dungeon |    974 |    974 |      0 |      0 |    806 |   1 |  974.0 |
               +--------+--------+--------+--------+--------+-----+--------+

Top non-repeatable levels by time:
     D:1: 974 daAuts
